 Dungeon Crawl Stone Soup version 0.30-a0-847-g17996783a1 (webtiles) character file.

Game seed: 9810583722901811389

12595 KennySheep the Basher (level 11, 0/154 HPs)
             Began as an Armataur Berserker on Mar 3, 2023.
             Was a High Priest of Trog.
             Slain by a boulder beetle (1 damage)
             ... on level 1 of the Lair of Beasts.
             The game lasted 00:18:15 (10661 turns).

KennySheep the Basher (Armataur Berserker)         Turns: 10661, Time: 00:18:16

Health: 0/154      AC: 16    Str: 28    XL:     11   Next: 64%
Magic:  11/11      EV:  6    Int:  7    God:    Trog [*****.]
Gold:   824        SH:  5    Dex:  9    Spells: 10/10 levels left

rFire   . . .      SeeInvis .    N - +2 great mace (flame)
rCold   . . .      Faith    .    (shield currently unavailable)
rNeg    . . .      Spirit   .    F - +0 plate armour
rPois   .          Reflect  +    u - +2 helmet
rElec   .          Roll     +    (no cloak)
rCorr   .                        (no gloves)
Will    .....                    (no barding) Stlth
                                 E - amulet of reflection
HPRegen 0.45/turn                (no ring)
MPRegen 0.12/turn                (no ring)

@: berserking, very quick
A: large, rugged brown scales 3, deformed body, armoured tail, roll, long
tongue, awkward tongue
a: Renounce Religion, Berserk, Trog's Hand, Brothers in Arms


You were on level 1 of the Lair of Beasts.
You worshipped Trog.
Trog was extremely pleased with you.
You visited 3 branches of the dungeon, and saw 13 of its levels.

You collected 824 gold pieces.

Inventory:

Hand Weapons
 a - a +0 mace
 A - the +5 quarterstaff of Dissolution {heavy, Str+3}
   (You found it on level 4 of the Dungeon)

   Str:       It affects your strength (+3).
 K - a +0 dire flail
 N - a +2 great mace of flaming (weapon)
Armour
 u - a +2 helmet (worn)
 F - a +0 plate armour (worn)
Jewellery
 i - a +6 ring of intelligence
 C - a +6 ring of intelligence
 E - an amulet of reflection (around neck)
 J - a +6 ring of dexterity
Wands
 v - a wand of digging (1)
 x - a wand of paralysis (6)
 z - a wand of flame (22)
 G - a wand of iceblast (4)
Scrolls
 c - 3 scrolls of immolation
 d - 3 scrolls of poison
 g - 7 scrolls of teleportation
 h - 5 scrolls of vulnerability
 l - a scroll of magic mapping
 q - 4 scrolls of fog
 s - 2 scrolls of enchant armour
 t - a scroll of blinking
 w - 2 scrolls of enchant weapon
 y - 3 scrolls of amnesia
 B - 2 scrolls of fear
 H - a scroll of noise {unknown}
 M - a scroll of identify
Potions
 b - a potion of might {unknown}
 e - 3 potions of ambrosia
 f - a potion of magic
 j - 2 potions of lignification
 k - a potion of invisibility
 m - a potion of attraction
 n - 4 potions of brilliance
 o - a potion of berserk rage
 p - 6 potions of curing
 r - 4 potions of heal wounds
 D - a potion of haste
 I - a potion of mutation {unknown}
 L - a potion of cancellation {unknown}


   Skills:
 + Level 9.1 Fighting
 * Level 12.4 Maces & Flails
 + Level 11.4 Armour
 - Level 2.1 Dodging


You had 10 spell levels left.
You didn't know any spells.
Your spell library was empty.

Dungeon Overview and Level Annotations

Branches:
Dungeon (11/15)            Temple (1/1) D:7            Lair (1/5) D:9
    Orc: D:9-12

Altars:
Ashenzari
Cheibriados
Dithmenos
Elyvilon
Fedhas
Gozag
Hepliaklqana
Kikubaaqudgha
Makhleb
Nemelex Xobeh
Okawaru
Qazlal
Ru
Sif Muna
Trog
Uskayaw
Vehumet
Wu Jian
Xom
Yredelemnul
Zin
The Shining One

Annotations:
D:6 1 runed translucent door, Crazy Yiuf


Innate Abilities, Weirdness & Mutations

You are completely covered in rugged brown scales. (AC +3, +7% HP)
Armour fits poorly on your strangely shaped body.
You have a long armoured tail.
You roll when moving toward enemies. (Rampage)
Your long tongue fully drains potion bottles. (2x potion effects)
Your tongue gives you trouble enunciating. (1.5x scroll delay)


Message History

The elephant tramples you but does no damage.
The elephant barely misses you.
You bludgeon the elephant!! You burn the elephant.
You kill the elephant!
Trog accepts your kill.
The elephant tramples you but does no damage.
The elephant trunk-slaps you but does no damage.
The black mamba barely misses you.
You bludgeon the black mamba!! You burn the black mamba.
The black mamba is severely wounded.
The black mamba bites you!
* * * LOW HITPOINT WARNING * * *
You closely miss the black mamba.
Your tail-slap misses the black mamba.
The black mamba is severely wounded.
The elephant tramples you.
* * * LOW HITPOINT WARNING * * *
You hold your ground!
The elephant trunk-slaps you but does no damage.
The black mamba bites you.
* * * LOW HITPOINT WARNING * * *
You bludgeon the black mamba!! You burn the black mamba.
You kill the black mamba!
Trog accepts your kill. The elephant closely misses you.
The elephant barely misses you.
You sock the elephant! You burn the elephant.
The elephant is moderately wounded.
You sock the elephant! You burn the elephant. You tail-slap the elephant!
The elephant is heavily wounded.
The elephant tramples you.
* * * LOW HITPOINT WARNING * * *
You stumble backwards!
Found a pair of gloves.
The boulder beetle curls into a ball and begins rolling!
The elephant tramples you!
* * * LOW HITPOINT WARNING * * *
You hold your ground!
The elephant trunk-slaps you but does no damage.
You barely miss the boulder beetle.
You tail-slap the boulder beetle, but do no damage.
The boulder beetle hits you.
You die...

#[# .. #.#
##.. ##..#
#... .P####..#
# ........####
# ###.###@Y#.#
## ##B†## ##.
##..#### ##(.
##..#.#
####... ##.†##
#.#....
###†####..)...
#...........
##..........
#.##.......


You could see a boulder beetle (rolling) and an elephant.

Vanquished Creatures
  3 two-headed ogres
  2 cyclopes (D:11)
  4 elephants (Lair:1)
  A black mamba (Lair:1)
  2 kobold demonologists (D:10)
  2 komodo dragons (D:10)
  3 trolls
  Grinder (D:6)
  3 blink frogs (Lair:1)
  Sigmund (D:6)
  2 wraiths
  6 yaks
  A steam dragon (D:9)
  5 water moccasins
  An acid dragon (D:10)
  4 orc warriors
  2 ice beasts
  6 wolves
  An ogre (D:4)
  3 centaurs
  6 bullfrogs
  2 kobold brigands
  8 scorpions
  15 killer bees
  2 jellies (D:5)
  4 hounds
  7 orc priests
  2 sleepcaps
  11 orc wizards
  2 centaur simulacra (D:9)
  A gnoll (D:1)
  5 adders
  A shadow imp (D:6)
  A white imp (D:9)
  A howler monkey simulacrum (D:9)
  An ufetubus (D:4)
  A worm (D:3)
  2 dart slugs (D:1)
  42 orcs
  6 bats
  8 endoplasms
  A giant cockroach (D:4)
  6 hobgoblins
  7 jackals
  20 kobolds
  2 quokkas
  8 ball pythons
  8 frilled lizards
  11 goblins
  3 rats
247 creatures vanquished.

Vanquished Creatures (others)
  An orc wizard (D:7)
  2 fungi (Lair:1)
3 creatures vanquished.

Grand Total: 250 creatures vanquished

Notes
Turn   | Place    | Note
-------+----------+-------------------------------------------
     0 | D:1      | KennySheep the Armataur Berserker began the quest for the
                  | Orb.
     0 | D:1      | Reached XP level 1. HP: 19/19 MP: 1/1
    64 | D:1      | Reached XP level 2. HP: 21/26 MP: 2/2
    68 | D:1      | Reached skill level 3 in Maces & Flails
   290 | D:1      | Reached XP level 3. HP: 32/32 MP: 3/3
   304 | D:1      | Reached ** piety under Trog
   482 | D:1      | Found a faded altar of an unknown god.
  1156 | D:2      | Reached XP level 4. HP: 40/40 MP: 4/4
  2068 | D:3      | Reached *** piety under Trog
  2289 | D:3      | Reached XP level 5. HP: 48/48 MP: 5/5
  2523 | D:4      | Reached skill level 4 in Maces & Flails
  2738 | D:4      | Noticed an ogre
  2750 | D:4      | Killed an ogre
  2751 | D:4      | Reached XP level 6. HP: 49/55 MP: 6/6
  3017 | D:4      | Identified the +5 quarterstaff of Dissolution {heavy,
                  | Str+3}
  3026 | D:4      | Reached skill level 5 in Maces & Flails
  3258 | D:5      | Entered Level 5 of the Dungeon
  3303 | D:5      | Reached XP level 7. HP: 63/63 MP: 7/7
  3308 | D:5      | Identified the +1 dagger of the Queen {drain, Int+6}
  3391 | D:5      | Reached skill level 5 in Armour
  4219 | D:6      | Noticed a troll
  4221 | D:6      | Noticed a yak
  4221 | D:6      | Noticed a yak
  4230 | D:6      | Noticed a yak
  4232 | D:6      | Killed a troll
  4233 | D:6      | Reached skill level 6 in Maces & Flails
  4234 | D:6      | Killed a yak
  4235 | D:6      | Reached XP level 8. HP: 56/71 MP: 8/8
  4238 | D:6      | Reached skill level 5 in Fighting
  4240 | D:6      | Reached skill level 7 in Maces & Flails
  4430 | D:6      | Noticed a troll
  4438 | D:6      | Killed a troll
  4794 | D:6      | Noticed Sigmund
  4800 | D:6      | Killed Sigmund
  4801 | D:6      | Reached skill level 8 in Maces & Flails
  4801 | D:6      | Reached XP level 9. HP: 79/80 MP: 9/9
  4837 | D:6      | Noticed Grinder
  4858 | D:6      | Paralysed by Grinder for 3 turns
  4865 | D:6      | Paralysed by Grinder for 3 turns
  4868 | D:6      | Killed Grinder
  5119 | D:6      | Found a runed translucent door.
  5120 | D:6      | Noticed Crazy Yiuf
  5291 | D:7      | Reached **** piety under Trog
  5398 | D:7      | Identified the +4 dagger of Distraction {heavy, *Noise
                  | Will+ rCorr MP+9}
  5502 | D:7      | Found a staircase to the Ecumenical Temple.
  5511 | D:7      | Reached skill level 9 in Maces & Flails
  5968 | Temple   | Entered the Ecumenical Temple
  6146 | D:8      | Found a sparkling altar of Nemelex Xobeh.
  6398 | D:8      | Found a basalt altar of Yredelemnul.
  6580 | D:8      | Found a stormy altar of Qazlal.
  7048 | D:9      | Reached XP level 10. HP: 92/92 MP: 10/10
  7114 | D:9      | Reached ***** piety under Trog
  7126 | D:9      | Noticed a two-headed ogre
  7130 | D:9      | Killed a two-headed ogre
  7131 | D:9      | Reached skill level 10 in Maces & Flails
  7502 | D:9      | Found a shimmering altar of Xom.
  7732 | D:9      | Found a staircase to the Lair.
  7977 | D:10     | Entered Level 10 of the Dungeon
  8259 | D:10     | Noticed a rust devil
  8562 | D:10     | Reached skill level 10 in Armour
  8619 | D:10     | Reached skill level 11 in Maces & Flails
  8807 | D:10     | Noticed a two-headed ogre
  8815 | D:10     | Killed a two-headed ogre
  8920 | D:10     | Reached XP level 11. HP: 62/100 MP: 11/11
  9499 | D:11     | Noticed a two-headed ogre
  9518 | D:11     | Killed a two-headed ogre
 10205 | Lair:1   | Entered Level 1 of the Lair of Beasts
 10596 | Lair:1   | Reached skill level 12 in Maces & Flails
 10598 | Lair:1   | Noticed a boulder beetle
 10646 | Lair:1   | Received a gift from Trog
 10660 | Lair:1   | HP: 1/154 [elephant (12)]
 10661 | Lair:1   | Slain by a boulder beetle

Illustrated notes

Levels and vault maps discovered:
D:1:      matt_arrival_los_fun, layout_loops_ring, ebering_ecumenical_altar_mist
D:2:      layout_basic, chequers_arboretum, roderic_cross_of_infinity
D:3:      minmay_inner_zag, layout_basic
D:4:      layout_loops_ring, serial_bayou_pond_d, feat_on_display
D:5:      layout_loops_corners, grunt_decor_clamped
D:6:      layout_rooms, uniq_grinder, uniq_sigmund, uniq_crazy_yiuf_cottage
D:7:      layout_rooms, minmay_temple_entry_proselytizer
D:8:      layout_basic, mainiacjoe_overflow_six_doors_small,
          mainiacjoe_overflow_swirl
D:9:      layout_basic, mainiacjoe_overflow_brackets, lair_entry_dummy,
          serial_ice, serial_ice_g, serial_ice_c, serial_ice_d, serial_ice_l,
          serial_ice_e
D:10:     layout_basic
D:11:     layout_roguey, hangedman_decor_peaks_small
Temple:   nicolae_temple_no_exploring_needed
Lair:1:   layout_cave_pods

Skill      XL: |  1  2  3  4  5  6  7  8  9 10 11 |
---------------+----------------------------------+-----
Maces & Flails | 3 4 5 6 8 9 11 12 | 12.4
Fighting       | 3 4 6 7 8 9 |  9.1
Armour         | 3 4 5 7 8 10 11 | 11.4
Dodging        | 2 |  2.1

Action                     |  1- 3 |  4- 6 |  7- 9 | 10-12 || total
---------------------------+-------+-------+-------+-------++-------
  Melee: Mace              |   103 |   130 |       |       ||   233
         Tailslap          |    11 |    21 |    17 |    34 ||    83
         Punch             |     1 |     2 |       |       ||     3
         Quarterstaff      |       |     8 |   201 |   112 ||   321
         Dire flail        |       |       |       |   168 ||   168
         Great mace        |       |       |       |    10 ||    10
 Invoke: Berserk           |       |     1 |     3 |     4 ||     8
    Use: Scroll            |       |     7 |     8 |     3 ||    18
         Potion            |       |     3 |     2 |       ||     5
   Stab: Sleeping          |     4 |       |     1 |       ||     5
 Armour: Animal skin       |    42 |    65 |    23 |       ||   130
         Plate armour      |       |       |   116 |   200 ||   316
  Dodge: Dodged            |    60 |    69 |    90 |    92 ||   311
  Block: Other             |       |       |    53 |    69 ||   122
         Reflection        |       |       |     1 |     2 ||     3

Table legend: (Time is in decaauts)
 A = Elapsed time spent in this place.
 B = Non-inter-level travel time spent in this place.
 C = Inter-level travel time spent in this place.
 D = Time resting spent in this place.
 E = Time spent auto-exploring this place.
 F = Levels seen in this place.
 G = Mean time per level.
                   A        B        C        D        E       F      G
               +--------+--------+--------+--------+--------+-----+--------+
         Total |  10896 |  10499 |    397 |   1548 |   7284 |  13 |  838.2 |
       Dungeon |  10703 |  10306 |    397 |   1548 |   7215 |  11 |  973.0 |
        Temple |      1 |      1 |      0 |      0 |      0 |   1 |    1.0 |
          Lair |    190 |    190 |      0 |      0 |     69 |   1 |  190.0 |
               +--------+--------+--------+--------+--------+-----+--------+

Top non-repeatable levels by time:
    D:10: 1301 daAuts
     D:9: 1245 daAuts
     D:6: 1091 daAuts
     D:8: 1057 daAuts
     D:5: 975 daAuts
    D:11: 923 daAuts
     D:4: 860 daAuts
     D:2: 857 daAuts
     D:1: 841 daAuts
     D:3: 775 daAuts
     D:7: 773 daAuts
  Lair:1: 190 daAuts
  Temple: 1 daAuts
